Map: Orbital Shipyard

Players

ZeroHero

  • Race: Zerg Zerg
  • League: Gold

Autocracy - Winner!

  • Race: Terran Terran
  • League: Platinum

VOD

Have the link to the VOD?

Description

Bio wins vs fully upgraded Ultralisks

Time

  • Played on: Dec. 4, 2015, 2:35 a.m.
  • Length: 15:19
Show
View Real Time Build Order
Export as new Build Order

ZeroHero Zerg 

Build Orders: Hatch First 

Get SALT Encoding   

  12  0:01  Drone  
  13  0:13  Overlord  
  13  0:22  Drone  
  14  0:32  Drone x2  
  16  0:37  Drone  
  17  0:55  Hatchery  
  17  0:56  Drone  
  17  1:02  Drone  
  18  1:14  Spawning Pool  
  18  1:16  Drone  
  18  1:22  Drone  
  18  1:24  Extractor  
  18  1:32  Drone  
  19  1:40  Drone  
  20  1:50  Overlord  
  20  2:03  Drone  
  21  2:10  Queen x2  
  21  2:11  Zergling x2  
  26  2:21  Zergling x2  
  27  2:26  Hatchery  
  26  2:30  Metabolic Boost  
  26  2:37  Drone x2  
  28  2:57  Drone x2  
  28  2:58  Overlord  
  30  3:06  Queen  
  30  3:10  Drone x4  
  36  3:13  Overlord  
  36  3:27  Drone x2  
  36  3:31  Drone x2  
  36  3:32  Drone x2  
  42  3:37  Drone x4  
  42  3:38  Drone  
  47  3:50  Overlord  
  47  3:52  Overlord, Drone  
  48  4:01  Drone  
  48  4:02  Drone x4  
  53  4:04  Extractor  
  53  4:06  Extractor x2  
  48  4:28  Spore Crawler  
  48  4:30  Drone x8, Spore Crawler  
  48  4:31  Drone x4  
  58  4:36  Spore Crawler  
  57  4:38  Spine Crawler  
  57  4:45  Evolution Chamber  
  55  4:47  Evolution Chamber  
  54  4:54  Drone  
  54  4:55  Drone x11  
  66  5:12  Zerg Ground Armor Level 1  
  66  5:13  Lair, Zerg Melee Weapons Level 1  
  66  5:16  Drone  
  66  5:17  Baneling Nest, Zergling x10  
  66  5:18  Zergling x2  
  72  5:30  Overlord x2  
  72  5:31  Overlord  
  72  5:33  Hatchery  
  70  5:52  Drone  
  71  6:04  Overlord x2  
  71  6:05  Zergling x10  
  71  6:06  Zergling x16  
  84  6:25  Hatchery  
  78  6:37  Baneling  
  78  6:38  Centrifical Hooks, Baneling x11  
  78  6:40  Zergling x4  
  78  6:41  Zergling x22  
  78  6:46  Queen  
  78  6:47  Overlord x3  
  93  6:52  Roach Warren  
  92  7:14  Zerg Ground Armor Level 2, Infestation Pit  
  92  7:15  Zerg Melee Weapons Level 2  
  91  7:20  Zergling x8  
  91  7:21  Zergling x28  
  91  7:39  Zergling x2  
  91  7:40  Zergling x16  
  97  7:50  Zergling x2  
  101  7:51  Zergling x16  
  99  8:08  Zergling x2  
  99  8:09  Zergling x20  
  105  8:14  Hive  
  98  8:35  Drone  
  98  8:36  Drone x6, Extractor x2  
  98  8:37  Drone x3  
  98  8:38  Drone x2  
  98  8:39  Queen  
  110  8:43  Glial Reconstitution  
  89  9:08  Zergling x2  
  89  9:09  Zergling x34  
  95  9:17  Zergling x2  
  95  9:18  Zergling x26  
  109  9:35  Viper x6  
  109  9:36  Ultralisk Cavern  
  126  9:41  Evolution Chamber x2  
  126  9:43  Evolution Chamber x2, Baneling x11  
  126  9:44  Baneling x5  
  122  9:47  Zergling x4  
  122  9:48  Zergling x20  
  122  9:49  Overlord x2  
  122  9:50  Overlord x5  
  134  9:59  Extractor  
  133  10:02  Extractor  
  110  10:26  Zergling x2  
  110  10:27  Zergling x40  
  110  10:28  Zergling x4  
  127  10:43  Drone  
  128  10:50  Hatchery  
  127  10:58  Zerg Ground Armor Level 3  
  127  10:59  Zerg Melee Weapons Level 3  
  127  11:00  Chitinous Plating  
  127  11:01  Hatchery  
  126  11:24  Hatchery  
  119  11:45  Hatchery  
  97  11:53  Zergling x2  
  93  11:54  Ultralisk  
  93  11:55  Ultralisk x4  
  93  11:57  Zergling x2  
  93  11:58  Zergling x2  
  124  12:22  Baneling x2  
  124  12:23  Baneling x2  
  118  12:31  Zergling x30  
  118  12:32  Zergling x6  
  118  12:36  Overseer  
  104  13:53  Zergling x30  
  104  13:54  Zergling x6  
  71  14:33  Zergling x16  
  71  14:34  Zergling x54  
  71  14:35  Zergling x4  
Show
View Real Time Build Order
Export as new Build Order

Autocracy Terran - Winner!

Build Orders: Reaper Expand, MMM Bio 

Get SALT Encoding   

  12  0:01  SCV  
  13  0:13  SCV  
  14  0:18  Supply Depot  
  14  0:33  SCV  
  15  0:40  Barracks  
  15  0:45  SCV  
  15  0:49  Refinery  
  16  0:57  SCV  
  17  1:09  SCV  
  18  1:21  SCV  
  19  1:34  Orbital Command  
  19  1:40  Command Center  
  19  1:43  Reaper  
  20  2:04  SCV  
  21  2:13  Supply Depot  
  21  2:20  SCV, Factory, Marine  
  23  2:33  Barracks  
  23  2:34  SCV  
  24  2:46  Barracks Reactor  
  24  2:47  SCV  
  24  2:59  SCV  
  25  3:09  Orbital Command  
  25  3:11  SCV  
  26  3:12  Factory Tech Lab  
  26  3:17  Refinery  
  26  3:20  Barracks Tech Lab  
  26  3:23  SCV  
  27  3:34  Starport  
  27  3:35  SCV  
  28  3:41  SCV  
  28  3:47  SCV, Hellion x2  
  34  3:53  SCV  
  35  3:57  Refinery  
  35  4:00  Stimpack  
  35  4:01  Marine x2  
  37  4:06  SCV  
  37  4:07  SCV  
  37  4:08  Hellion  
  37  4:09  Hellion  
  41  4:22  SCV  
  41  4:23  SCV  
  43  4:30  Hellion  
  45  4:32  Command Center  
  45  4:34  SCV  
  45  4:38  Combat Shields  
  46  4:43  Supply Depot  
  46  4:46  SCV, Hellion, Viking  
  46  4:51  Hellion, Marine  
  54  5:04  Marine  
  54  5:05  SCV x2  
  57  5:07  Hellion  
  57  5:10  Barracks x3  
  59  5:17  SCV x2  
  61  5:29  SCV  
  62  5:41  SCV  
  57  5:46  SCV, Marine x2  
  57  5:49  Starport Reactor  
  58  5:53  SCV  
  59  5:58  SCV, Engineering Bay, Barracks Reactor  
  59  6:00  Concussive Shells  
  59  6:01  Barracks Reactor  
  60  6:05  Marine  
  60  6:07  Barracks Reactor, Widow Mine x2  
  60  6:10  Orbital Command  
  65  6:12  SCV x2  
  67  6:24  SCV x2  
  69  6:25  Command Center  
  69  6:27  Marine x2  
  71  6:35  Marine x2  
  71  6:36  SCV x2  
  71  6:37  Marine x2  
  77  6:45  Terran Infantry Weapons Level 1  
  77  6:49  Engineering Bay  
  77  6:54  Armory  
  77  6:56  Refinery  
  77  7:03  Supply Depot  
  77  7:04  Supply Depot  
  77  7:20  Barracks  
  77  7:21  Barracks  
  77  7:22  SCV, Medivac, Marine x5  
  85  7:24  Marine x2  
  85  7:25  SCV x2, Medivac, Marine  
  86  7:34  SCV  
  81  7:37  SCV  
  81  7:39  Marine x4  
  81  7:40  Marauder  
  81  7:42  Marine x2  
  81  7:43  Marauder  
  84  7:57  Marine x4  
  86  8:00  Marine x2  
  86  8:01  Marauder  
  86  8:04  Marauder  
  74  8:13  Orbital Command  
  74  8:15  Marine x4  
  74  8:18  Marine x2  
  75  8:23  Marauder  
  75  8:26  Barracks Reactor, Marauder  
  77  8:27  Barracks Reactor  
  77  8:28  Orbital Command  
  77  8:33  Marine x4  
  81  8:36  Marine x2  
  81  8:41  SCV x3  
  85  8:44  Marauder  
  85  8:45  Orbital Command  
  85  8:47  Marauder  
  90  8:49  Terran Infantry Weapons Level 2  
  90  8:51  Marine x4  
  90  8:53  SCV x2  
  90  8:54  Marine  
  92  8:58  Marine  
  81  9:04  Marine x3  
  81  9:05  Marauder  
  81  9:06  Marine  
  81  9:08  Marauder, Marine x3  
  89  9:14  Marine x2  
  89  9:16  Medivac x2  
  95  9:19  Marine  
  95  9:21  SCV, Marine  
  95  9:23  SCV  
  95  9:24  Marine  
  100  9:25  Widow Mine  
  100  9:27  Widow Mine, Marauder  
  100  9:29  Marine  
  100  9:30  Marauder  
  109  9:32  Marine x2  
  109  9:35  Marine x2  
  109  9:36  Marine x2  
  109  9:38  Marine  
  116  10:22  SCV, Marine x3  
  116  10:23  Marine x4  
  116  10:24  SCV, Marauder x2, Marine x3  
  97  10:28  Liberator  
  97  10:29  Liberator  
  97  10:35  Supply Depot x2  
  94  10:36  Supply Depot, Widow Mine x2  
  94  10:38  Supply Depot  
  94  10:40  Terran Infantry Armor Level 1, Marine x3  
  94  10:41  Marine x4  
  94  10:42  Marine x3  
  108  10:45  Marauder x2  
  118  10:51  SCV x3  
  118  10:52  SCV  
  122  10:58  Marine x3  
  122  10:59  Marine x5  
  122  11:00  Marine x2  
  132  11:04  Widow Mine  
  132  11:07  Marauder x2  
  138  11:11  Liberator x2  
  138  11:13  Terran Infantry Weapons Level 3  
  138  11:15  Marine  
  138  11:16  Marine x2  
  138  11:17  Marine x3  
  141  11:19  Marine x2  
  143  11:27  Marine x2  
  143  11:28  Marauder x2  
  143  11:30  Widow Mine  
  157  11:33  Marine, Widow Mine  
  157  11:34  Marine x3  
  158  11:44  Marine x2  
  158  11:45  Marine x4  
  125  11:49  Marauder x2  
  125  11:51  Marine  
  125  11:52  Marine x3  
  125  11:53  Orbital Command  
  123  12:02  Marine x3  
  123  12:06  Marine  
  123  12:07  Marine  
  128  12:10  Marine x2  
  128  12:11  Marauder x2  
  134  12:19  SCV x2  
  134  12:20  SCV  
  137  12:32  Marauder x2  
  141  12:37  Marine x4  
  141  12:38  Marine x6  
  151  12:54  Marauder x2  
  151  12:55  Marine x4  
  151  12:56  Marine  
  150  13:05  Marine x2  
  138  13:06  Marine x3  
  143  13:13  Marine x5  
  143  13:15  Marauder x2  
  149  13:23  Marine x3  
  149  13:24  Marine  
  151  13:36  Marauder x2  
  151  13:37  Liberator x2  
  155  13:41  Marine  
  155  13:42  Marine x4  
  155  13:43  Marine  
  155  13:45  Marine  
  160  13:52  Marine x2  
  160  13:53  Widow Mine x2  
  172  14:12  Marine x2  
  172  14:15  Marine x2  
  172  14:16  Marauder x2  
  171  14:21  Widow Mine x2  
  171  14:23  Marine x4  
  163  14:34  Marine x2  
  163  14:35  Marine  
  163  14:36  Marine  
  163  14:37  Marauder x2  
  172  14:51  Marine x2  
  172  14:52  Marine x2  
  172  14:56  Marine  
  172  14:57  Marine  
  172  14:58  Marine  
Tags
 
Add a new tag
Caveats
  • Supply blocks, unpowered buildings, or Contaminate may cause inaccurate times.
  • Supply counts are checked every 10 seconds.